AoeStats
← Lidrin

Four Lakes

509785237Analyzed
1v1 RM · 5d ago on Sep 28, 2026· 28m 17s· 2 players
Game mode
Random Map
Map size
Tiny (2 player)
Population
200
Speed
Normal
Resources
Standard
Victory
Conquest
Starting age
Dark Age
Ending age
Imperial Age
RankedLock teamsTeams togetherTeam positionsShared explorationLock speedFull tech treeHidden civsTurbo modeCheats
Victory
Defeat
🇦🇷 Italians · Argentina
915
+17
🇧🇩 Sicilians · Bangladesh
928
-17
Lidrin
5:03 Loom
9:49 Feudal Age
12:39 Gold Mining
13:37 Double-Bit Axe
18:47 Castle Age
19:48 Crossbowman
20:34 Thumb Ring
22:23 Bloodlines
22:35 Bow Saw
22:52 Fletching
23:03 Padded Archer Armor
25:29 Town Watch
25:30 Horse Collar
26:19 Forging
27:15 Scale Barding Armor
27:09 Bodkin Arrow
27:17 Padded Archer Armor
28:12 Wheelbarrow
wekap1
6:32 Loom
10:20 Feudal Age
10:50 Double-Bit Axe
10:49 Horse Collar
19:26 Castle Age
19:41 Scale Mail Armor
19:51 Forging
20:44 Bow Saw
20:34 Heavy Plow
22:04 Gold Mining
23:39 Wheelbarrow
23:38 Pikeman
24:24 Squires
25:04 Chain Mail Armor
25:07 Stone Mining
27:13 Gold Shaft Mining
26:34 Fishing Lines
27:36 Iron Casting
28:06 Hand Cart
Connection lost

Rejoining the realm…

Still unreachable

The connection could not be restored.

Session expired

The server has moved on; the page needs a fresh start.